 Dungeon Crawl Stone Soup version 0.28.0-43-g3370ac3207 (webtiles) character file.

Game seed: 15257935539398440529

1202 adizb the Fighter (level 8, -4/69 HPs)
             Began as a Demonspawn Monk on Mar 27, 2022.
             Slain by a vampire (11 damage)
             ... on level 6 of the Dungeon.
             The game lasted 00:21:51 (3888 turns).

adizb the Fighter (Demonspawn Monk)                 Turns: 3888, Time: 00:21:52

Health: -4/69      AC: 14    Str: 14    XL:     8   Next: 21%
Magic:  8/8        EV: 11    Int: 11    God:
Gold:   168        SH:  5    Dex: 22    Spells: 7/7 levels left

rFire   + . .      SeeInvis .   e - +5 mace of Spring {drain, Dex+6}
rCold   . . .      Faith    .   x - +0 buckler
rNeg    . . .      Spirit   .   j - +0 ring mail
rPois   .          Reflect  .   (no helmet)
rElec   .          Harm     .   c - +1 cloak {rCorr}
rCorr   +          Rampage  .   (no gloves)
Will    .....                   (boots unavailable)
Stlth   ++........              (no amulet)
HPRegen 0.21/turn               d - ring of protection from fire
MPRegen 0.11/turn               (no ring)

@: about to teleport, sanguine armoured
A: hooves 3, powered by death 1, sanguine armour 1
a: no special abilities


You were on level 6 of the Dungeon.
You visited 1 branch of the dungeon, and saw 6 of its levels.

You collected 168 gold pieces.

Inventory:

Hand Weapons
 b - a +3 quarterstaff of chaos
 e - the +5 mace of Spring (weapon) {drain, Dex+6}
   (You found it on level 4 of the Dungeon)

   A truly terrible weapon, it drains the life of any living foe it strikes.
   Dex:       It affects your dexterity (+6).
 p - a +1 hunting sling of freezing
 t - a +2 vorpal war axe
 v - a +4 spear
Missiles
 n - 29 sling bullets
Armour
 c - a +1 cloak of preservation (worn)
 j - a +0 ring mail (worn)
 x - a +0 buckler (worn)
Jewellery
 d - a ring of protection from fire (left hand)
Wands
 f - a wand of polymorph (6)
Scrolls
 a - a scroll of noise {unknown}
 h - a scroll of enchant armour {unknown}
 i - a scroll of enchant weapon
 o - a scroll of identify {unknown}
 q - a scroll of blinking {unknown}
 r - a scroll of torment {unknown}
 y - a scroll of acquirement {unknown}
 z - a scroll of immolation {unknown}
Potions
 g - 2 potions of ambrosia {unknown}
 k - a potion of heal wounds
 m - a potion of cancellation {unknown}
 s - a potion of curing {unknown}
 w - a potion of mutation {unknown}


   Skills:
 + Level 8.6 Fighting
 - Level 2.6 Short Blades
 + Level 2.1 Maces & Flails
 * Level 4.1 Armour
 - Level 2.6 Dodging
 - Level 1.7 Stealth
 + Level 0.8 Shields


You had 7 spell levels left.
You didn't know any spells.
Your spell library contained the following spells:

 Spells                   Type           Power      Damage    Failure   Level
 Slow                     Hex            0%         N/A       67%         1
 Confusing Touch          Hex            0%         N/A       95%         3
 Vampiric Draining        Necr           0%         2d6       95%         3


Dungeon Overview and Level Annotations

Branches:
Dungeon (6/15)
 Temple: D:4-7

Altars:
Dithmenos

Shops:
D:4 ([


Innate Abilities, Weirdness & Mutations

You have hooves in place of feet.
You regenerate a little health from kills.
When seriously injured, your blood forms armour. (AC +6)


Message History

Your kick misses the water moccasin zombie.
The water moccasin zombie is moderately damaged.
The water moccasin zombie bites you but does no damage.
You hear some strange, mumbled words.
Something tries to affect you, but you resist.
The water moccasin zombie closely misses you.
You bump into the rock wall.
Something hits you but does no damage. Something bites you but does no damage.
The water moccasin zombie bites you but does no damage.
You bump into the rock wall.
Something hits you. Something bites you.
Something draws strength from your injuries!
The water moccasin zombie bites you but does no damage.
You sock the water moccasin zombie!
The water moccasin zombie is heavily damaged.
You feel less confused. Something hits you but does no damage.
Something bites you but does no damage. The water moccasin zombie bites you.
Something hits you but does no damage. Something bites you!
Something draws strength from your injuries!
You sock the water moccasin zombie! You kick the water moccasin zombie.
The water moccasin zombie is severely damaged.
You block the water moccasin zombie's attack. x2
Something hits you!
* * * LOW HITPOINT WARNING * * *
Something bites you.
* * * LOW HITPOINT WARNING * * *
Something draws strength from your injuries!
You sock the water moccasin zombie! You kick the water moccasin zombie.
The water moccasin zombie is almost destroyed.
The water moccasin zombie closely misses you.
Something hits you but does no damage. Something bites you.
* * * LOW HITPOINT WARNING * * *
Something draws strength from your injuries!
The water moccasin zombie bites you but does no damage.
Something hits you but does no damage. Something bites you but does no damage.
As you read the scroll of teleportation, it crumbles to dust.
You feel strangely unstable.
You block the water moccasin zombie's attack.
Something hits you!
You die...

###..........
....
##.....######..#
#...### ##..#
#...### #..#
##.....####..#
#........#..##
#.###.......##
#.# ##...{Z.# ##
#...@#...#
#...###.##
#...## #.# #####
##


You could see a water moccasin zombie.

Vanquished Creatures
  Sigmund (D:4)
  2 sky beasts
  A black bear (D:4)
  3 ogres
  Blork the orc (D:5)
  A bullfrog (D:6)
  2 scorpions (D:4)
  A water moccasin skeleton (D:4)
  A hound (D:4)
  Crazy Yiuf (D:4)
  Ijyb (D:4)
  A hound skeleton (D:4)
  2 howler monkey skeletons
  5 adders
  3 adder skeletons (D:4)
  2 worms (D:3)
  A dart slug (D:3)
  2 orcs
  5 bats
  7 endoplasms
  3 giant cockroaches (D:3)
  5 goblins
  8 hobgoblins
  4 jackals (D:2)
  2 kobolds
  2 quokkas
  5 ball pythons
  2 frilled lizards (D:3)
  4 rats
78 creatures vanquished.

Notes
Turn   | Place    | Note
-------+----------+-------------------------------------------
     0 | D:1      | adizb the Demonspawn Monk began the quest for the Orb.
     0 | D:1      | Reached XP level 1. HP: 18/18 MP: 1/1
   428 | D:1      | Gained mutation: You have large cloven feet. [demonic
                  | ancestry]
   428 | D:1      | Reached XP level 2. HP: 24/24 MP: 2/2
  1053 | D:2      | Reached skill level 4 in Fighting
  1118 | D:2      | Gained mutation: You regenerate a little health from kills.
                  | [demonic ancestry]
  1118 | D:2      | Reached XP level 3. HP: 25/30 MP: 3/3
  1775 | D:3      | Found a shadowy altar of Dithmenos.
  1833 | D:3      | Gained mutation: You have hoof-like feet. [demonic
                  | ancestry]
  1833 | D:3      | Reached XP level 4. HP: 38/38 MP: 4/4
  1908 | D:3      | Reached skill level 5 in Fighting
  2208 | D:4      | Found Getow's Antique Weapon Boutique.
  2242 | D:4      | Gained mutation: When seriously injured, your blood forms
                  | armour. (AC +6) [demonic ancestry]
  2242 | D:4      | Reached XP level 5. HP: 26/46 MP: 5/5
  2242 | D:4      | Noticed a black bear
  2263 | D:4      | Killed a black bear
  2264 | D:4      | Reached skill level 6 in Fighting
  2317 | D:4      | Noticed an ogre
  2327 | D:4      | Killed an ogre
  2328 | D:4      | Reached skill level 7 in Fighting
  2328 | D:4      | Reached XP level 6. HP: 42/55 MP: 6/6
  2357 | D:4      | Found Hiufo's Antique Armour Boutique.
  2406 | D:4      | HP: 4/82 [poisoned by a scorpion]
  2720 | D:4      | Noticed Sigmund
  2753 | D:4      | Killed Sigmund
  2754 | D:4      | Reached skill level 8 in Fighting
  2754 | D:4      | Gained mutation: You have hooves in place of feet. [demonic
                  | ancestry]
  2754 | D:4      | Reached XP level 7. HP: 24/62 MP: 7/7
  2844 | D:4      | Found a runed translucent door.
  2845 | D:4      | Noticed Crazy Yiuf
  2929 | D:4      | Killed Crazy Yiuf
  2934 | D:4      | Identified the +5 mace of Spring {drain, Dex+6}
  2985 | D:4      | Noticed Ijyb
  2997 | D:4      | Killed Ijyb
  3048 | D:5      | Entered Level 5 of the Dungeon
  3246 | D:5      | Noticed Blork the orc
  3260 | D:5      | Killed Blork the orc
  3261 | D:5      | Reached skill level 1 in Maces & Flails
  3500 | D:5      | Reached XP level 8. HP: 37/69 MP: 8/8
  3888 | D:6      | Slain by a vampire

Illustrated notes

Levels and vault maps discovered:
D:1:      saegor_arrival_simple_c, layout_basic,
          dreamdust_ecumenical_altar_hidden_monk_grotto,
          chequers_serial_rivers_room_b
D:2:      layout_loops_ring
D:3:      layout_rooms, lemuel_round_altar, minmay_cut_off
D:4:      layout_cave_pools, serial_shops, shop, nicolae_shop_statue_plus,
          uniq_crazy_yiuf_cottage, uniq_sigmund, uniq_ijyb
D:5:      layout_basic, minivault_19, uniq_blork_the_orc
D:6:      layout_layer_cave, overflow_temple_1_default, minmay_tree_intersection

Skill      XL: |  1  2  3  4  5  6  7  8 |
---------------+-------------------------+-----
Fighting       | 4 5 7 8 |  8.6
Armour         | 2 3 4 |  4.1
Maces & Flails | 1 2 |  2.1
Short Blades   | |  2.6
Dodging        | |  2.6
Stealth        | |  1.7
Shields        | |  0.8

Action                   |  1- 3 |  4- 6 |  7- 9 || total
-------------------------+-------+-------+-------++-------
Melee: Short sword       |   173 |   146 |    15 ||   334
       Punch             |     2 |     3 |     1 ||     6
       Kick              |       |    42 |    26 ||    68
       Mace              |       |       |    40 ||    40
 Fire: Hunting sling     |     8 |    18 |    10 ||    36
Throw: Boomerang         |       |     6 |     2 ||     8
  Use: Scroll            |       |     2 |     3 ||     5
       Potion            |       |     7 |       ||     7
 Stab: Sleeping          |     4 |     1 |     1 ||     6
Armor: Robe              |    10 |       |       ||    10
       Ring mail         |    48 |    57 |    31 ||   136
       Skin              |       |     3 |       ||     3
Dodge: Dodged            |    86 |    95 |    24 ||   205
Block: Buckler           |       |       |    11 ||    11
